 Dungeon Crawl Stone Soup version bcrawl-1.17.1 (webtiles) character file.

Game seed: 4474870393239345620

11613 Gumption the Thaumaturge (level 11, -2/95 HPs)
             Began as an Oni Earth Elementalist on Oct 13, 2019.
             Was a High Priest of Sif Muna.
             Slain by a four-headed hydra (5 damage)
             ... on level 10 of the Dungeon on Oct 17, 2019.
             The game lasted 02:05:15 (13563 turns).

Gumption the Thaumaturge (Oni Earth Elementalist)  Turns: 13563, Time: 02:05:16

Health: -2/95      AC: 11    Str: 10    XL:     11   Next: 80%
Magic:  5/26       EV: 14    Int: 26    God:    Sif Muna [*****.]
Gold:   829        SH:  9    Dex: 15    Spells: 14/28 levels left

rFire    + . .     SeeInvis +   a - +2 dagger (venom)
rCold    . . .     Gourm    .   k - +0 shield
rNeg     . . .     Faith    .   S - +0 acid dragon scales
rPois    .         Spirit   .   (helmet restricted)
rElec    .         Reflect  .   j - +2 cloak
rCorr    +         Harm     .   (no gloves)
MR       +++..                  w - +1 pair of boots
Stlth    ++........             E - amulet of magic regeneration
HPRegen  0.25/turn              e - ring of see invisible
MPRegen  0.45/turn              O - ring of Kindness {rF+ MR+++ Str-2 Int+6 Dex+4}

@: very slightly contaminated, divine energy
A: oni magic, claws 1, fangs 1, horns 1
a: Stop Divine Energy, Channel Magic, Forget Spell, Renounce Religion


You were on level 10 of the Dungeon.
You worshipped Sif Muna.
Sif Muna was extremely pleased with you.
You were hungry.

You visited 1 branch of the dungeon, and saw 11 of its levels.
You also visited: Ossuary.

You collected 829 gold pieces.

Inventory:

Hand Weapons
 a - a +2 dagger of venom (weapon)
 b - a +0 blowgun
 h - a +0 mace
Missiles
 q - 190 tomahawks (quivered)
 r - 767 stones
 s - 505 poisoned needles
Armour
 j - a +2 cloak (worn)
 k - a +0 shield (worn)
 w - a +1 pair of boots (worn)
 S - +0 acid dragon scales (worn)
Jewellery
 e - a ring of see invisible (left claw)
 E - an amulet of magic regeneration (around neck)
 O - the ring of Kindness (right claw) {rF+ MR+++ Str-2 Int+6 Dex+4}
   (You found it on level 9 of the Dungeon)

   [ring of protection from fire]

   It affects your strength (-2).
   It affects your intelligence (+6).
   It affects your dexterity (+4).
   It protects you from fire.
   It affects your resistance to hostile enchantments.
Wands
 o - a wand of acid (14)
 C - a wand of polymorph (17)
 D - a wand of iceblast (13)
 R - a wand of flame (15)
Scrolls
 g - 4 scrolls of immolation
 l - 3 scrolls of identify
 u - 2 scrolls of blinking
 x - 2 scrolls of enchant weapon {unknown}
 y - 3 scrolls of teleportation
 F - a scroll of fear {unknown}
 G - 3 scrolls of enchant armour
 H - 2 scrolls of noise {unknown}
 N - a scroll of fog {unknown}
Potions
 f - 6 potions of flight
 i - 2 potions of berserk rage
 m - 4 potions of curing
 n - 2 potions of magic
 p - a potion of heal wounds
 t - 7 potions of haste
 v - 5 potions of agility
 z - a potion of mutation
 A - 2 potions of might
 B - 3 potions of resistance
 I - 3 potions of lignification
 M - a potion of brilliance
 P - a potion of cancellation
Comestibles
 c - 5 chunks of flesh
 d - 15 rations {!d}


   Skills:
 + Level 8.8 Fighting
 + Level 8.3 Dodging
 - Level 1.7 Stealth
 * Level 4.7 Shields
 * Level 9.1 Spellcasting


You had 14 spell levels left.
You knew the following spells:

 Your Spells              Type           Power        Failure   Level  Hunger
a - Sandblast             Erth           ######       1%          1    None
b - Passwall              Tmut/Erth      ######..     1%          2    None
c - Stone Arrow           Conj/Erth      ######       2%          3    None
d - Mephitic Cloud        Conj/Pois/Air  ######..     2%          3    None
e - Lee's Rapid Deconstr  Erth           ######....   12%         5    ####...

Your spell library contained the following spells:

 Spells                   Type           Power        Failure   Level  Hunger
 Corona                   Hex            ######.      1%          1    None
 Corpse Rot               Necr           N/A          1%          2    None
 Leda's Liquefaction      Hex/Erth       ######....   2%          3    None
 Petrify                  Tmut/Erth      ######..     8%          4    #......
 Irradiate                Conj/Tmut      ######....   21%         5    ####...


Dungeon Overview and Level Annotations

Branches:
Dungeon (11/12)            Temple (0/1) D:6            Lair (0/6) D:8
    Orc (0/1) D:9
 Vaults: D:11-12

Altars:
Ashenzari
Cheibriados
Dithmenos
Elyvilon
Fedhas
Gozag
Hepliaklqana
Okawaru
Qazlal
Ru
Sif Muna
Trog
Uskayaw
Vehumet
Wu Jian
Xom
Zin
The Shining One

Shops:
D:5 (   D:6 *   D:9 !   D:10 !


Innate Abilities, Weirdness & Mutations

You learn spells by gaining experience, not through books or religion.
You only train spellcasting to practice magic.
You have sharp fingernails.
You have very sharp teeth.
You have a pair of small horns on your head.


Message History

The four-headed hydra completely misses you.
The four-headed hydra bites you but does no damage. x2
The four-headed hydra misses you.
You hit the four-headed hydra. You bite the four-headed hydra.
The four-headed hydra is heavily wounded.
The four-headed hydra bites you but does no damage.
The four-headed hydra closely misses you.
You block the four-headed hydra's attack.
The four-headed hydra bites you!
* * * LOW HITPOINT WARNING * * *
You barely miss the four-headed hydra. You headbutt the four-headed hydra.
The four-headed hydra is heavily wounded.
The four-headed hydra barely misses you.
You block the four-headed hydra's attack. x2
The four-headed hydra bites you.
* * * LOW HITPOINT WARNING * * *
You hit the four-headed hydra.
The four-headed hydra is heavily wounded.
The four-headed hydra bites you.
You die...

..............................#
........######.###............#
.................#............#
........#........#..#########.#
........#........#..# #.#
........#........#..# #.#
........#........#..# #.##
####...(...#######..# #<.#
...#.......[...D@...#########..#
...#...........................#
...#...............#####.......#
...#...............#...#.....###
...######....#######...#.....#
........#....#.........#...<.#
........#....#.........#.....#
........#....#.........#.....#
........#....#.........#.....#


You could see a four-headed hydra.

Vanquished Creatures
  A two-headed ogre (D:10)
  An unseen horror (D:10)
  Pikel (D:8)
  2 cyclopes
  An ugly thing (D:10)
  6 centaur skeletons
  A yaktaur (D:9)
  A hornet (D:11)
  3 hippogriffs
  3 yaks (D:9)
  A wyvern (D:10)
  A vampire (D:8)
  An acid dragon (D:10)
  A water moccasin (D:10)
  Duvessa (D:6)
  4 orc warriors
  2 eyes of draining (D:3)
  A phantom (D:8)
  2 sky beasts
  2 slaves (D:8)
  3 ogres
  A black bear (D:10)
  6 ice beasts
  4 centaurs
  A crocodile (D:8)
  6 bullfrogs
  A big kobold (D:9)
  Dowan (D:6)
  A wyvern skeleton (D:9)
  10 scorpions
  3 killer bees (D:10)
  4 wights (D:7)
  4 crimson imps
  2 quasits
  2 centaur zombies (Ossuary)
  6 hounds
  A jelly (D:10)
  3 human zombies (Ossuary)
  6 orc priests
  8 orc wizards
  7 worker ants
  2 big kobold zombies (Ossuary)
  3 hound skeletons
  3 mummies (Ossuary)
  A howler monkey zombie (D:7)
  Robin (D:4)
  5 gnolls (D:3)
  5 scorpion zombies (Ossuary)
  8 adders
  4 shadow imps
  An adder skeleton (D:9)
  An adder zombie (D:7)
  3 worms
  2 dart slugs
  5 leopard geckos
  38 orcs
  A ball python (D:1)
  4 bats
  5 giant cockroaches
  A gnoll zombie (Ossuary)
  15 goblins
  5 hobgoblins
  6 jackals
  12 kobolds
  6 quokkas
  5 frilled lizards
  A goblin zombie (Ossuary)
  A hobgoblin zombie (Ossuary)
  A jackal skeleton (D:5)
  A kobold zombie (Ossuary)
  A leopard gecko skeleton (D:6)
  An orc zombie (Ossuary)
  A quokka skeleton (D:4)
  2 rats
267 creatures vanquished.

Vanquished Creatures (others)
  An unseen horror (D:11)
  2 slaves (D:8)
  A centaur zombie (Ossuary)
  A scorpion zombie (Ossuary)
  A quokka (D:8)
  A gnoll zombie (Ossuary)
7 creatures vanquished.

Grand Total: 274 creatures vanquished

Notes
Turn   | Place    | Note
-------+----------+-------------------------------------------
     0 | D:1      | Gumption the Oni Earth Elementalist began the quest for the
                  | Orb.
     0 | D:1      | Reached XP level 1. HP: 14/14 MP: 4/4
   252 | D:1      | Reached XP level 2. HP: 22/22 MP: 4/6
   650 | D:1      | Reached skill level 1 in Fighting
   668 | D:1      | Reached skill level 2 in Spellcasting
  1067 | D:2      | Reached XP level 3. HP: 28/28 MP: 4/8
  1191 | D:2      | Found a shimmering blue altar of Sif Muna.
  1581 | D:2      | Found an opulent altar of Gozag.
  1581 | D:2      | Found a shattered altar of Ashenzari.
  2008 | D:3      | Found an iron altar of Okawaru.
  2132 | D:3      | Reached XP level 4. HP: 35/35 MP: 4/9
  2436 | D:3      | Found a glowing golden altar of the Shining One.
  2728 | D:3      | Reached XP level 5. HP: 41/41 MP: 8/11
  2935 | D:3      | Noticed an eye of draining
  3020 | D:3      | Found a bloodstained altar of Trog.
  3020 | D:3      | Noticed an eye of draining
  3040 | D:3      | Killed an eye of draining
  3040 | D:3      | Reached skill level 3 in Spellcasting
  3040 | D:3      | Reached XP level 6. HP: 50/50 MP: 2/12
  3062 | D:3      | Killed an eye of draining
  3445 | D:2      | Became a worshipper of Sif Muna the Loreminder
  3454 | D:2      | Learned a level 2 spell: Passwall
  3458 | D:2      | Learned a level 3 spell: Stone Arrow
  3462 | D:2      | Learned a level 3 spell: Mephitic Cloud
  3692 | D:4      | Reached XP level 7. HP: 57/57 MP: 10/14
  3833 | D:4      | Found a snail-covered altar of Cheibriados.
  3853 | D:4      | Noticed Robin
  3873 | D:4      | Reached skill level 4 in Spellcasting
  3879 | D:4      | Killed Robin
  3879 | D:4      | Reached * piety under Sif Muna
  4750 | D:5      | Entered Level 5 of the Dungeon
  4886 | D:5      | Reached XP level 8. HP: 66/66 MP: 12/16
  4920 | D:5      | Noticed a hippogriff
  4930 | D:5      | Killed a hippogriff
  5099 | D:5      | Found a hazy altar of Hepliaklqana.
  5449 | D:5      | Reached skill level 5 in Spellcasting
  5586 | D:5      | Reached ** piety under Sif Muna
  5633 | D:5      | Found Fabus's Weapon Boutique.
  5710 | D:5      | Found a blossoming altar of Fedhas.
  5711 | D:5      | Found an ornate altar of the Wu Jian Council.
  5736 | D:6      | Found a sand-covered staircase.
  5743 | Ossuary  | Entered an ossuary
  5935 | Ossuary  | Reached skill level 5 in Fighting
  5956 | Ossuary  | Reached skill level 5 in Dodging
  6599 | Ossuary  | Reached XP level 9. HP: 57/74 MP: 5/19
  6883 | Ossuary  | Reached skill level 6 in Spellcasting
  7048 | D:6      | Found Hyttar's General Store.
  7063 | D:6      | Reached *** piety under Sif Muna
  7243 | D:6      | Noticed Duvessa
  7243 | D:6      | Noticed Dowan
  7269 | D:6      | Killed Duvessa
  7320 | D:6      | Killed Dowan
  7483 | D:6      | Found a hide-covered altar of Uskayaw.
  7854 | D:6      | Found a staircase to the Ecumenical Temple.
  8118 | D:6      | Upgraded the game from bcrawl-1.15.1-4-g77d781cab4 to
                  | bcrawl-1.17.1
  8405 | D:7      | Learned a level 5 spell: Lee's Rapid Deconstruction
  8557 | D:7      | Reached skill level 7 in Spellcasting
  8674 | D:7      | Reached XP level 10. HP: 68/84 MP: 1/22
  8702 | D:7      | Reached **** piety under Sif Muna
  9291 | D:8      | Found a sacrificial altar of Ru.
  9296 | D:8      | Noticed Pikel
  9313 | D:8      | Killed Pikel
 10022 | D:8      | Found a radiant altar of Vehumet.
 10177 | D:8      | Found a shimmering blue altar of Sif Muna.
 10179 | D:8      | Found a white marble altar of Elyvilon.
 10179 | D:8      | Found a burning altar of Makhleb.
 10181 | D:8      | Found a white marble altar of Elyvilon.
 10181 | D:8      | Found a stormy altar of Qazlal.
 10181 | D:8      | Found a shimmering altar of Xom.
 10242 | D:8      | Found a staircase to the Lair.
 10266 | D:8      | Found a shadowy altar of Dithmenos.
 10509 | D:9      | Noticed a cyclops
 10517 | D:9      | Killed a cyclops
 10517 | D:9      | Reached skill level 1 in Shields
 10647 | D:9      | Found a staircase to the Orcish Mines.
 10829 | D:9      | Found Gafos's Distillery.
 10925 | D:9      | Found a glowing silver altar of Zin.
 11026 | D:9      | Reached skill level 8 in Spellcasting
 11445 | D:9      | Reached XP level 11. HP: 94/94 MP: 21/25
 11684 | D:9      | Got a scintillating glass ring
 11685 | D:9      | Identified the ring of Kindness {rF+ MR+++ Str-2 Int+6
                  | Dex+4} (You found it on level 9 of the Dungeon)
 11846 | D:10     | Entered Level 10 of the Dungeon
 11911 | D:10     | Reached ***** piety under Sif Muna
 12165 | D:10     | Found Jeapp's Distillery.
 12165 | D:10     | Noticed a cyan ugly thing
 12186 | D:10     | Killed a cyan ugly thing
 12620 | D:10     | Noticed a two-headed ogre
 12630 | D:10     | Killed a two-headed ogre
 13007 | D:10     | Noticed an unseen horror
 13016 | D:10     | Killed an unseen horror
 13457 | D:11     | Noticed a cyclops
 13463 | D:11     | Killed a cyclops
 13463 | D:11     | Reached skill level 9 in Spellcasting
 13511 | D:11     | Noticed an unseen horror
 13511 | D:11     | Noticed a cyclops
 13511 | D:11     | Noticed a brown ugly thing
 13514 | D:11     | Noticed a stone giant
 13517 | D:11     | Killed an unseen horror
 13524 | D:11     | Noticed a four-headed hydra
 13529 | D:11     | Noticed a vault guard
 13558 | D:10     | HP: 3/95 [four-headed hydra (12)]
 13563 | D:10     | Slain by a four-headed hydra

Skill      XL: |  1  2  3  4  5  6  7  8  9 10 11 |
---------------+----------------------------------+-----
Fighting       | 1 2 3 4 5 6 8 |  8.8
Spellcasting   | 2 3 4 5 7 8 9 |  9.1
Dodging        | 2 3 4 5 6 7 8 |  8.3
Shields        | 2 4 |  4.7
Stealth        | |  1.7

Action                   |  1- 3 |  4- 6 |  7- 9 | 10-12 || total
-------------------------+-------+-------+-------+-------++-------
Melee: Dagger            |    27 |    19 |    89 |    66 ||   201
       Headbutt          |     2 |     4 |     8 |     8 ||    22
       Bite              |     1 |     3 |    16 |     9 ||    29
 Fire: Blowgun           |       |    18 |     8 |       ||    26
Throw: Tomahawk          |       |       |    10 |    49 ||    59
 Cast: Sandblast         |    45 |    25 |   119 |     4 ||   193
       Stone Arrow       |       |     3 |    82 |   119 ||   204
       Mephitic Cloud    |       |     2 |     5 |       ||     7
       Lee's Rapid Decon |       |       |     6 |    55 ||    61
Invok: Divine Energy     |       |       |       |     1 ||     1
  Use: Scroll            |       |     9 |     8 |     4 ||    21
       Potion            |       |       |       |     3 ||     3
 Stab: Sleeping          |     1 |       |     2 |       ||     3
       Confused          |       |       |     1 |     1 ||     2
  Eat: Chunk             |     4 |     6 |    12 |    18 ||    40
       Ration            |       |       |     2 |     3 ||     5
Armor: Animal skin       |    10 |     4 |    48 |    18 ||    80
       Ring mail         |       |       |       |    14 ||    14
       Acid dragon scale |       |       |       |    17 ||    17
Dodge: Dodged            |    29 |    15 |   107 |   113 ||   264
Block: Shield            |       |       |       |    22 ||    22
